General information
- name: BNet
- type: Ladder team game (AT/RT)
- host: Battle.net
- saver: DOGSANDHORSE.RU
map: Slalom
- players: 8
- length: 48:32
- speed: Fast
- version: 1.24 W3XP
- replay type:

» download(429 KB)
Players
team 1 (winner)
AlasPoorYorick (
yellow | 88 APM | 4290 actions | 48:31)
9 Warden
3 Shadow Strike
3 Blink
1 Spirit of Vengeance
2 Fan of Knives
» actions
| Assign group hotkey | 2 | |
| Basic commands | 188 | |
| Build / train | 70 | |
| ESC pressed | 3 | |
| Enter build submenu | 17 | |
| Enter hero's abilities submenu | 9 | |
| Give item / drop item | 2 | |
| Right click | 3201 | |
| Select / deselect | 502 | |
| Select group hotkey | 1 | |
| Use ability | 294 | |
4290 total
» units
» upgrades
| Ultravision | 1 | |
| Nature's Blessing | 1 | |
| Well Spring | 1 | |
3 total
» buildings
| Altar of Elders | 3 | |
| Moon Well | 10 | |
| Tree of Life | 4 | |
| Tree of Ages | 1 | |
| Hunter's Hall | 1 | |
| Ancient of Wonders | 1 | |
| Tree of Eternity | 1 | |
21 total
» build order
00:11 Altar of Elders
00:13 Altar of Elders
00:16 Altar of Elders
00:30 Moon Well
00:58 Moon Well
04:23 Moon Well
04:24 Moon Well
06:10 Moon Well
07:05 Moon Well
07:21 Tree of Life
08:01 Moon Well
08:02 Moon Well
10:16 Moon Well
10:18 Moon Well
10:24 Tree of Ages
10:48 Hunter's Hall
11:46 Ancient of Wonders
13:16 Tree of Eternity
15:09 Tree of Life
15:15 Tree of Life
26:59 Tree of Life
» items
| Boots of Speed | 1 | |
| Staff of Teleportation | 1 | |
| Orb of Venom | 1 | |
3 total
DOGSANDHORSE.RU (
green | 100 APM | 4846 actions | 48:32)
5 Pandaren Brewmaster
3 Breath of Fire
2 Drunken Haze
5 Goblin Tinker
3 Cluster Rockets
2 Engineering Upgrade
» actions
| Assign group hotkey | 3 | |
| Basic commands | 9 | |
| Build / train | 133 | |
| Enter build submenu | 76 | |
| Enter hero's abilities submenu | 10 | |
| Give item / drop item | 11 | |
| Right click | 3318 | |
| Select / deselect | 510 | |
| Select group hotkey | 464 | |
| Use ability | 307 | |
4846 total
» units
| Peasant | 19 | |
| Priest | 3 | |
| Sorceress | 1 | |
23 total
» upgrades
| Masonry | 3 | |
| Lumber Harvesting | 1 | |
| Magic Sentry | 1 | |
| Priest Training | 2 | |
| Sorceress Training | 2 | |
9 total
» buildings
| Lumber Mill | 1 | |
| Farm | 5 | |
| Scout Tower | 117 | |
| Arcane Tower | 7 | |
| Guard Tower | 60 | |
| Altar of Kings | 1 | |
| Keep | 1 | |
| Town Hall | 1 | |
| Castle | 1 | |
| Arcane Sanctum | 2 | |
| Arcane Vault | 3 | |
| Gryphon Aviary | 1 | |
200 total
» build order
00:58 Lumber Mill
01:17 Farm
01:31 Scout Tower
01:32 Scout Tower
01:46 Farm
01:57 Arcane Tower
01:57 Arcane Tower
02:00 Guard Tower
02:01 Guard Tower
02:03 Scout Tower
02:07 Scout Tower
02:16 Altar of Kings
02:43 Guard Tower
02:56 Guard Tower
02:56 Guard Tower
02:56 Guard Tower
02:57 Guard Tower
03:00 Scout Tower
03:04 Scout Tower
03:32 Guard Tower
03:32 Guard Tower
03:34 Scout Tower
03:35 Scout Tower
03:48 Scout Tower
04:11 Guard Tower
04:14 Scout Tower
04:15 Scout Tower
04:16 Scout Tower
04:32 Guard Tower
04:39 Scout Tower
04:42 Guard Tower
04:48 Guard Tower
04:52 Scout Tower
05:26 Guard Tower
05:36 Scout Tower
05:37 Scout Tower
05:37 Scout Tower
05:50 Guard Tower
06:15 Guard Tower
06:16 Guard Tower
06:18 Guard Tower
06:28 Scout Tower
06:28 Scout Tower
06:29 Scout Tower
06:31 Scout Tower
06:32 Scout Tower
06:33 Scout Tower
06:40 Scout Tower
06:40 Scout Tower
06:41 Scout Tower
06:50 Keep
06:52 Farm
06:53 Farm
06:55 Arcane Tower
07:00 Guard Tower
07:01 Guard Tower
08:06 Scout Tower
08:07 Scout Tower
08:08 Scout Tower
08:09 Scout Tower
08:10 Scout Tower
08:11 Scout Tower
08:14 Scout Tower
08:15 Scout Tower
08:16 Scout Tower
08:18 Scout Tower
08:18 Scout Tower
08:19 Scout Tower
08:38 Arcane Tower
08:39 Guard Tower
08:40 Guard Tower
08:40 Guard Tower
08:40 Guard Tower
08:42 Scout Tower
08:43 Scout Tower
08:43 Scout Tower
08:44 Guard Tower
09:07 Guard Tower
09:10 Guard Tower
10:28 Guard Tower
10:31 Town Hall
10:35 Scout Tower
10:36 Scout Tower
10:36 Scout Tower
10:37 Scout Tower
10:38 Scout Tower
10:40 Scout Tower
10:40 Scout Tower
10:41 Scout Tower
10:42 Scout Tower
10:49 Guard Tower
10:54 Castle
11:03 Guard Tower
11:05 Guard Tower
11:10 Scout Tower
11:11 Scout Tower
11:14 Scout Tower
11:15 Scout Tower
11:15 Scout Tower
11:16 Scout Tower
11:17 Scout Tower
11:18 Scout Tower
11:19 Scout Tower
11:20 Scout Tower
11:48 Arcane Tower
11:50 Guard Tower
11:59 Guard Tower
12:09 Guard Tower
12:32 Guard Tower
12:34 Arcane Sanctum
13:03 Guard Tower
13:09 Scout Tower
13:10 Scout Tower
13:10 Scout Tower
13:11 Scout Tower
13:13 Scout Tower
13:13 Scout Tower
13:14 Scout Tower
13:14 Scout Tower
13:15 Scout Tower
13:31 Guard Tower
14:03 Guard Tower
14:37 Guard Tower
14:40 Guard Tower
14:43 Scout Tower
14:44 Scout Tower
14:44 Scout Tower
14:44 Scout Tower
15:38 Guard Tower
16:53 Arcane Sanctum
16:56 Arcane Vault
16:59 Gryphon Aviary
17:00 Arcane Vault
17:10 Scout Tower
17:12 Scout Tower
17:13 Scout Tower
17:17 Guard Tower
18:03 Guard Tower
18:17 Scout Tower
18:18 Scout Tower
18:19 Scout Tower
18:19 Scout Tower
18:20 Scout Tower
18:20 Scout Tower
18:20 Scout Tower
18:21 Scout Tower
18:51 Farm
18:56 Arcane Vault
21:05 Guard Tower
22:32 Guard Tower
22:35 Scout Tower
23:10 Guard Tower
23:12 Scout Tower
23:13 Scout Tower
23:13 Scout Tower
23:14 Scout Tower
23:14 Scout Tower
24:19 Guard Tower
24:36 Arcane Tower
24:58 Arcane Tower
25:29 Scout Tower
25:30 Scout Tower
25:31 Scout Tower
25:31 Scout Tower
25:32 Scout Tower
25:33 Scout Tower
25:34 Scout Tower
25:35 Scout Tower
25:35 Scout Tower
25:37 Guard Tower
25:38 Scout Tower
25:39 Scout Tower
26:15 Guard Tower
27:18 Guard Tower
27:26 Guard Tower
27:32 Guard Tower
28:33 Scout Tower
28:34 Scout Tower
28:35 Scout Tower
28:36 Scout Tower
28:37 Scout Tower
28:37 Scout Tower
28:52 Guard Tower
28:58 Scout Tower
28:59 Scout Tower
29:00 Scout Tower
29:01 Scout Tower
31:13 Guard Tower
31:13 Scout Tower
31:14 Scout Tower
31:15 Scout Tower
31:16 Scout Tower
31:16 Scout Tower
31:17 Scout Tower
31:30 Guard Tower
31:49 Guard Tower
32:13 Guard Tower
32:42 Guard Tower
34:02 Guard Tower
» items
| Scroll of Town Portal | 1 | |
| Potion of Healing | 1 | |
| Healing Salve | 1 | |
| Lesser Clarity Potion | 6 | |
| Boots of Speed | 2 | |
| Staff of Teleportation | 2 | |
| Potion of Lesser Invulnerability | 2 | |
| Orb of Lightning | 1 | |
| Staff of Sanctuary | 2 | |
18 total
TentAndCampfire (
teal | 99 APM | 4818 actions | 48:31)
5 Archmage
3 Blizzard
2 Brilliance Aura
5 Blood Mage
3 Flame Strike
2 Siphon Mana
» actions
| Assign group hotkey | 280 | |
| Basic commands | 101 | |
| Build / train | 108 | |
| ESC pressed | 4 | |
| Enter build submenu | 70 | |
| Enter hero's abilities submenu | 12 | |
| Give item / drop item | 5 | |
| Right click | 2452 | |
| Select / deselect | 614 | |
| Select group hotkey | 899 | |
| Use ability | 271 | |
4818 total
» units
| Peasant | 17 | |
| Dragonhawk Rider | 6 | |
23 total
» upgrades
| Masonry | 3 | |
| Lumber Harvesting | 2 | |
| Magic Sentry | 1 | |
| Cloud | 1 | |
| Swords | 3 | |
| Armor | 3 | |
| Animal War Training | 1 | |
14 total
» buildings
| Altar of Kings | 2 | |
| Farm | 6 | |
| Scout Tower | 95 | |
| Lumber Mill | 1 | |
| Arcane Tower | 3 | |
| Guard Tower | 29 | |
| Keep | 2 | |
| Town Hall | 3 | |
| Arcane Sanctum | 1 | |
| Castle | 2 | |
| Gryphon Aviary | 2 | |
| Arcane Vault | 1 | |
| Barracks | 1 | |
| Blacksmith | 1 | |
149 total
» build order
00:02 Altar of Kings
00:04 Altar of Kings
00:19 Farm
00:25 Farm
01:31 Farm
01:59 Scout Tower
02:02 Scout Tower
02:19 Lumber Mill
02:30 Arcane Tower
02:31 Scout Tower
02:32 Scout Tower
02:40 Scout Tower
02:41 Scout Tower
02:43 Scout Tower
02:59 Guard Tower
03:17 Scout Tower
03:18 Scout Tower
03:19 Scout Tower
03:20 Scout Tower
03:21 Guard Tower
03:27 Guard Tower
03:47 Guard Tower
04:24 Scout Tower
04:24 Scout Tower
04:25 Scout Tower
04:26 Scout Tower
04:28 Scout Tower
04:29 Scout Tower
04:30 Scout Tower
04:32 Scout Tower
04:32 Guard Tower
04:35 Guard Tower
04:43 Scout Tower
04:45 Scout Tower
04:46 Scout Tower
04:47 Scout Tower
04:48 Scout Tower
04:50 Keep
04:59 Guard Tower
05:05 Guard Tower
05:05 Guard Tower
05:12 Guard Tower
05:32 Guard Tower
06:17 Guard Tower
06:21 Scout Tower
06:21 Scout Tower
06:22 Scout Tower
06:24 Scout Tower
06:24 Scout Tower
06:25 Scout Tower
06:27 Scout Tower
06:27 Scout Tower
07:00 Guard Tower
07:07 Town Hall
07:15 Scout Tower
07:15 Scout Tower
07:16 Scout Tower
07:17 Scout Tower
07:18 Scout Tower
07:19 Scout Tower
07:20 Scout Tower
07:21 Scout Tower
07:23 Arcane Sanctum
08:06 Guard Tower
08:51 Guard Tower
09:00 Guard Tower
09:14 Guard Tower
11:04 Castle
11:04 Castle
11:11 Scout Tower
11:12 Scout Tower
11:14 Scout Tower
11:15 Scout Tower
12:10 Farm
12:10 Farm
12:18 Scout Tower
12:19 Scout Tower
12:20 Scout Tower
12:22 Guard Tower
12:54 Scout Tower
12:55 Scout Tower
12:57 Scout Tower
13:00 Scout Tower
13:01 Scout Tower
13:02 Scout Tower
13:03 Scout Tower
13:08 Gryphon Aviary
13:08 Gryphon Aviary
13:59 Guard Tower
14:05 Scout Tower
14:06 Scout Tower
14:09 Scout Tower
14:10 Scout Tower
14:11 Scout Tower
14:13 Scout Tower
14:14 Scout Tower
14:15 Scout Tower
14:29 Arcane Vault
15:16 Guard Tower
16:10 Scout Tower
16:12 Scout Tower
16:13 Scout Tower
16:13 Scout Tower
16:16 Scout Tower
16:17 Scout Tower
16:18 Scout Tower
16:18 Scout Tower
16:19 Scout Tower
16:21 Scout Tower
16:21 Scout Tower
16:22 Scout Tower
16:23 Scout Tower
16:24 Scout Tower
17:28 Guard Tower
18:21 Guard Tower
18:24 Scout Tower
18:25 Scout Tower
18:27 Scout Tower
18:28 Scout Tower
18:29 Scout Tower
18:29 Scout Tower
18:31 Scout Tower
18:31 Scout Tower
18:33 Scout Tower
18:34 Scout Tower
18:35 Scout Tower
18:36 Scout Tower
18:36 Scout Tower
18:37 Scout Tower
18:38 Scout Tower
18:39 Scout Tower
18:40 Scout Tower
19:35 Guard Tower
20:05 Guard Tower
20:31 Guard Tower
20:38 Town Hall
20:44 Town Hall
20:55 Scout Tower
20:55 Guard Tower
21:06 Farm
21:15 Barracks
21:17 Blacksmith
21:26 Scout Tower
21:27 Arcane Tower
23:47 Guard Tower
29:40 Guard Tower
» items
| Healing Salve | 2 | |
| Lesser Clarity Potion | 1 | |
| Orb of Lightning | 2 | |
| Boots of Speed | 1 | |
| Staff of Teleportation | 1 | |
| Periapt of Vitality | 1 | |
| Staff of Sanctuary | 2 | |
10 total
TIMG4STRok (
orange | 83 APM | 4027 actions | 48:31)
10 Blademaster
3 Wind Walk
3 Critical Strike
1 Bladestorm
3 Mirror Image
» actions
| Assign group hotkey | 10 | |
| Basic commands | 80 | |
| Build / train | 66 | |
| ESC pressed | 2 | |
| Enter build submenu | 34 | |
| Enter hero's abilities submenu | 10 | |
| Give item / drop item | 5 | |
| Right click | 2837 | |
| Select / deselect | 228 | |
| Select group hotkey | 550 | |
| Use ability | 205 | |
4027 total
» units
» upgrades
| Spiked Barricades | 1 | |
| Ranged Weapons | 3 | |
| Armor | 3 | |
| Reinforced Defenses | 1 | |
| Liquid Fire | 1 | |
9 total
» buildings
| Altar of Storms | 2 | |
| Orc Burrow | 3 | |
| Voodoo Lounge | 4 | |
| War Mill | 1 | |
| Watch Tower | 19 | |
| Stronghold | 3 | |
| Great Hall | 1 | |
| Fortress | 1 | |
| Beastiary | 2 | |
36 total
» build order
02:42 Altar of Storms
02:43 Orc Burrow
04:22 Voodoo Lounge
04:29 Voodoo Lounge
04:52 Orc Burrow
05:34 War Mill
06:50 Watch Tower
06:52 Watch Tower
08:01 Watch Tower
08:08 Stronghold
08:09 Stronghold
08:46 Great Hall
10:19 Watch Tower
10:39 Fortress
11:23 Orc Burrow
11:41 Watch Tower
12:27 Beastiary
12:28 Beastiary
13:20 Watch Tower
15:12 Watch Tower
15:55 Watch Tower
16:05 Watch Tower
16:12 Watch Tower
16:18 Watch Tower
16:22 Watch Tower
16:27 Watch Tower
18:34 Watch Tower
18:35 Watch Tower
20:05 Watch Tower
20:07 Watch Tower
21:13 Watch Tower
21:14 Watch Tower
23:05 Altar of Storms
28:51 Voodoo Lounge
28:52 Voodoo Lounge
» items
| Boots of Speed | 1 | |
| Staff of Teleportation | 1 | |
| Healing Salve | 4 | |
| Lesser Clarity Potion | 3 | |
| Orb of Lightning | 2 | |
| Potion of Healing | 1 | |
12 total
team 2 (loser)
KanstShwanzHabn (
red | 57 APM | 1818 actions | 31:41)
3 Death Knight
1 Death Coil
2 Unholy Aura
» actions
| Assign group hotkey | 18 | |
| Basic commands | 6 | |
| Build / train | 66 | |
| ESC pressed | 4 | |
| Enter build submenu | 28 | |
| Enter hero's abilities submenu | 6 | |
| Right click | 674 | |
| Select / deselect | 444 | |
| Select group hotkey | 533 | |
| Use ability | 36 | |
1818 total
» units
| Acolyte | 7 | |
| Ghoul | 29 | |
| Abomination | 10 | |
46 total
» upgrades
| Unholy Armor | 1 | |
| Unholy Strength | 2 | |
| Disease Cloud | 1 | |
4 total
» buildings
| Crypt | 3 | |
| Altar of Darkness | 1 | |
| Ziggurat | 8 | |
| Tomb of Relics | 1 | |
| Nerubian Tower | 3 | |
| Halls of the Dead | 2 | |
| Graveyard | 1 | |
| Slaughterhouse | 2 | |
| Spirit Tower | 3 | |
| Black Citadel | 1 | |
25 total
» build order
00:08 Crypt
00:10 Crypt
00:13 Altar of Darkness
00:36 Ziggurat
00:54 Tomb of Relics
01:31 Ziggurat
02:27 Crypt
03:26 Ziggurat
04:16 Nerubian Tower
04:28 Ziggurat
05:21 Nerubian Tower
06:27 Ziggurat
06:55 Ziggurat
06:58 Nerubian Tower
10:21 Halls of the Dead
10:37 Ziggurat
11:03 Graveyard
12:44 Slaughterhouse
12:46 Slaughterhouse
12:51 Spirit Tower
12:52 Spirit Tower
12:55 Spirit Tower
14:18 Black Citadel
19:04 Ziggurat

»
Kevink-kev(in)k (
purple | 87 APM | 4232 actions | 48:31)
4 Beastmaster
2 Summon Quilbeast
2 Summon Hawk
» actions
| Assign group hotkey | 44 | |
| Basic commands | 198 | |
| Build / train | 81 | |
| ESC pressed | 4 | |
| Enter build submenu | 16 | |
| Enter hero's abilities submenu | 4 | |
| Right click | 2375 | |
| Select / deselect | 601 | |
| Select group hotkey | 609 | |
| Use ability | 300 | |
4232 total
» units
| Peasant | 13 | |
| Footman | 51 | |
| Dragonhawk Rider | 2 | |
66 total
» upgrades
» buildings
| Barracks | 3 | |
| Farm | 6 | |
| Altar of Kings | 1 | |
| Arcane Vault | 1 | |
| Keep | 1 | |
| Lumber Mill | 1 | |
| Gryphon Aviary | 2 | |
15 total
» build order
00:19 Barracks
00:22 Barracks
00:29 Farm
00:39 Barracks
01:07 Farm
02:05 Altar of Kings
02:30 Farm
05:03 Farm
05:19 Farm
06:07 Farm
08:00 Arcane Vault
16:08 Keep
16:09 Lumber Mill
19:34 Gryphon Aviary
19:36 Gryphon Aviary
» items
| Scroll of Regeneration | 2 | |
| Lesser Clarity Potion | 5 | |
7 total
MYM]SkKevKorn4K (
pink | 82 APM | 3961 actions | 48:31)
5 Beastmaster
3 Summon Quilbeast
2 Summon Bear
» actions
| Assign group hotkey | 105 | |
| Basic commands | 103 | |
| Build / train | 64 | |
| ESC pressed | 3 | |
| Enter build submenu | 32 | |
| Enter hero's abilities submenu | 5 | |
| Remove unit from queue | 1 | |
| Right click | 1894 | |
| Select / deselect | 837 | |
| Select group hotkey | 800 | |
| Use ability | 117 | |
3961 total
» units
| Acolyte | 12 | |
| Crypt Fiend | 12 | |
| Ghoul | 3 | |
| Obsidian Statue | 4 | |
| Meatwagon | 8 | |
| Frost Wyrm | 3 | |
42 total
» upgrades
| Unholy Strength | 3 | |
| Unholy Armor | 0 | |
| Web | 1 | |
| Freezing Breath | 1 | |
5 total
» buildings
| Graveyard | 2 | |
| Crypt | 1 | |
| Altar of Darkness | 1 | |
| Ziggurat | 9 | |
| Tomb of Relics | 2 | |
| Halls of the Dead | 1 | |
| Slaughterhouse | 3 | |
| Black Citadel | 2 | |
| Sacrificial Pit | 1 | |
| Boneyard | 3 | |
| Necropolis | 4 | |
29 total
» build order
00:16 Graveyard
00:19 Graveyard
00:21 Crypt
00:49 Altar of Darkness
01:01 Ziggurat
01:24 Tomb of Relics
01:32 Tomb of Relics
02:01 Ziggurat
05:54 Halls of the Dead
06:53 Ziggurat
07:55 Ziggurat
08:25 Slaughterhouse
08:26 Slaughterhouse
08:32 Slaughterhouse
09:51 Ziggurat
11:26 Ziggurat
11:27 Black Citadel
11:27 Black Citadel
28:50 Sacrificial Pit
29:26 Ziggurat
29:42 Boneyard
29:44 Boneyard
29:46 Boneyard
30:41 Ziggurat
30:43 Ziggurat
44:09 Necropolis
46:50 Necropolis
47:11 Necropolis
47:27 Necropolis
» items
| Rod of Necromancy | 1 | |
| Scroll of Regeneration | 1 | |
| Lesser Clarity Potion | 1 | |
3 total
ReiGn( (
blue | 34 APM | 1376 actions | 39:56)
5 Naga Sea Witch
2 Frost Arrows
3 Forked Lightning
» actions
| Assign group hotkey | 32 | |
| Basic commands | 9 | |
| Build / train | 51 | |
| ESC pressed | 16 | |
| Enter build submenu | 16 | |
| Enter hero's abilities submenu | 5 | |
| Right click | 498 | |
| Select / deselect | 391 | |
| Select group hotkey | 289 | |
| Use ability | 69 | |
1376 total
» units
| Acolyte | 4 | |
| Ghoul | 25 | |
| Frost Wyrm | 12 | |
41 total
» upgrades
| Cannibalize | 1 | |
| Freezing Breath | 1 | |
2 total
» buildings
| Altar of Darkness | 1 | |
| Ziggurat | 9 | |
| Crypt | 2 | |
| Halls of the Dead | 1 | |
| Black Citadel | 1 | |
| Sacrificial Pit | 1 | |
| Boneyard | 3 | |
18 total
» build order
00:27 Altar of Darkness
00:28 Ziggurat
00:36 Crypt
01:21 Crypt
01:27 Ziggurat
02:24 Ziggurat
05:19 Ziggurat
07:57 Halls of the Dead
08:00 Ziggurat
11:00 Black Citadel
11:04 Sacrificial Pit
12:26 Ziggurat
12:27 Ziggurat
13:22 Boneyard
13:24 Boneyard
13:24 Boneyard
18:35 Ziggurat
19:33 Ziggurat
Chat log
(00:02 / All) TentAndCampfire: hold
(00:02 / All) MYM]SkKevKorn4K: no brains
(00:03 / All) TentAndCampfire: HOLD
(00:12 / All) Kevink-kev(in)k: y you
(00:26 / All) MYM]SkKevKorn4K: gays
(00:30 / All) DOGSANDHORSE.RU: PIZZA HERE
(01:13 / All) MYM]SkKevKorn4K: lol
(01:22 / All) DOGSANDHORSE.RU: ?
(02:33 / All) MYM]SkKevKorn4K: eeeeeeeeeeeeeeeeeeeeeeeeeh
(03:13 / All) MYM]SkKevKorn4K: gg
(04:34 / All) TIMG4STRok: one sec
(04:45 / All) TIMG4STRok: hold on brb
(04:46 / All) AlasPoorYorick: brb
(04:47 / All) AlasPoorYorick: pizza
(05:32 / All) DOGSANDHORSE.RU: GOOD SURROUND
(05:41 / All) Kevink-kev(in)k: thx
(05:44 / All) MYM]SkKevKorn4K: thx dude
(05:47 / All) DOGSANDHORSE.RU: hehe
(07:52 / All) DOGSANDHORSE.RU: LOL
(07:56 / All) TentAndCampfire: ROFL
(07:58 / All) MYM]SkKevKorn4K: Yes you
(10:25 / All) Kevink-kev(in)k: nice sourrund
(15:15 / All) DOGSANDHORSE.RU: lose all siege to towers
(15:17 / All) DOGSANDHORSE.RU: good play
(17:36 / All) TIMG4STRok: WHy did you all pick noob hero
(17:47 / All) ReiGn(: why dd you all gay
(17:50 / All) TentAndCampfire: We trained him wrongly, as a joke
(17:51 / All) TentAndCampfire: -kung pow
(20:28 / All) DOGSANDHORSE.RU: LOL
(20:30 / All) DOGSANDHORSE.RU: HEH
(21:30 / Allies) TIMG4STRok: Probably a Panda if u Please
(21:48 / All) TIMG4STRok: how bad are you. let me count the ways.
(21:51 / All) DOGSANDHORSE.RU: thee
(21:54 / All) DOGSANDHORSE.RU: how bad are thee
(21:56 / All) MYM]SkKevKorn4K: let us ruhe
(22:00 / All) DOGSANDHORSE.RU: ruhe
(22:04 / All) DOGSANDHORSE.RU: let us speak english
(22:07 / All) DOGSANDHORSE.RU: retard eurotrash
(22:12 / All) MYM]SkKevKorn4K: give me money
(22:16 / All) DOGSANDHORSE.RU: no
(22:17 / All) AlasPoorYorick: YOU'LL RUHE THE DAY
(22:20 / All) DOGSANDHORSE.RU: give me money if you want to win
(22:21 / All) TIMG4STRok: RUHE NOMBER 1: TIMG4STROK IS NOMBER 1
(22:23 / All) DOGSANDHORSE.RU: http://highper.ch/win
(22:27 / All) DOGSANDHORSE.RU: cheap victory
(22:28 / All) MYM]SkKevKorn4K: yes you
(22:47 / All) KanstShwanzHabn: nap tactik bitches
(22:54 / All) DOGSANDHORSE.RU: take a nap
(22:55 / All) MYM]SkKevKorn4K: OWNED
(22:56 / All) Kevink-kev(in)k: own
(22:58 / All) TIMG4STRok: CONGRATS ON YOUR FIRST HERO KILL
(23:06 / All) Kevink-kev(in)k: Y thx
(23:09 / All) Kevink-kev(in)k: no the 2nd
(23:23 / All) TIMG4STRok: I GOT MORE GOLD MINES, THAN YOU GOT HEOR KILLS.
(24:52 / Allies) DOGSANDHORSE.RU: lol
(26:42 / All) DOGSANDHORSE.RU: hehe wasn't look
(26:47 / All) MYM]SkKevKorn4K: yes yes
(26:48 / All) TIMG4STRok: THBIS IS WHERE U QUIT.,
(27:48 / All) DOGSANDHORSE.RU: PURPLE
(27:50 / All) DOGSANDHORSE.RU: STILLFOOTMEN
(27:52 / All) DOGSANDHORSE.RU: HAHAHA
(27:53 / All) MYM]SkKevKorn4K: lets us
(29:29 / All) Kevink-kev(in)k: hacker
(29:32 / All) DOGSANDHORSE.RU: lmao
(29:35 / All) MYM]SkKevKorn4K: yes you
(29:38 / All) MYM]SkKevKorn4K: yes we can
(31:19 / All) DOGSANDHORSE.RU: ilove this game
(31:24 / All) Kevink-kev(in)k: yes you
(31:31 / All) ReiGn(: but your mother loves you not
(32:15 / All) DOGSANDHORSE.RU: of course you quit
(32:16 / All) DOGSANDHORSE.RU: you can't play
(32:18 / All) DOGSANDHORSE.RU: why stay
(32:18 / Allies) TIMG4STRok: canilickurtoes.de
(32:26 / All) TIMG4STRok: canilickurtoes.de
(32:26 / All) MYM]SkKevKorn4K: let us ruhe
(32:28 / Allies) TentAndCampfire: ill check it out later thnks
(32:35 / All) DOGSANDHORSE.RU: ENGLISH!!!!!!!!!!!!!!!!!!!!!!!!!!!!!!!!!!!!!!!!!!!!!!!!!!!!!!!!!!!!!!!!!!!!!!!!!!!!!!!!!!
(32:41 / All) TIMG4STRok: what english means that ruhe
(33:25 / All) Kevink-kev(in)k: tinka imba
(34:35 / All) Kevink-kev(in)k:
(34:37 / All) DOGSANDHORSE.RU: ))
(34:38 / All) TIMG4STRok:
(37:07 / All) TIMG4STRok: HOW BAD ARE YOU. SO BAD.
(37:12 / All) Kevink-kev(in)k: yes you
(40:11 / All) DOGSANDHORSE.RU: leave that's righrt
(40:12 / All) DOGSANDHORSE.RU: yes you
(40:15 / All) DOGSANDHORSE.RU: ruhe
(40:19 / All) TIMG4STRok: RUHE
(40:22 / All) TIMG4STRok: i claim ruhe
(40:23 / All) TentAndCampfire: ruhe
(40:47 / All) TIMG4STRok: one in the pink oh no u stink
(41:02 / All) TentAndCampfire: retire... u expire.
(42:23 / All) DOGSANDHORSE.RU: kevin still play
(42:27 / All) DOGSANDHORSE.RU: kevin still gay
(42:43 / All) MYM]SkKevKorn4K: lol ur gay?
(43:16 / All) DOGSANDHORSE.RU: please militia
(43:22 / All) MYM]SkKevKorn4K: let us ruhe
(43:57 / All) TentAndCampfire: let us ruhe
(44:00 / All) DOGSANDHORSE.RU: yes you
(44:01 / All) AlasPoorYorick: we ruhe
(44:01 / All) TentAndCampfire: -uberabaa_mg, summer of 04
(44:07 / All) AlasPoorYorick: we ruhe, you luhe
(44:12 / All) TentAndCampfire: we all ruhe for iceruhe.
(44:17 / All) DOGSANDHORSE.RU: RUberabaa_mg
(44:32 / All) MYM]SkKevKorn4K: let us ruhe
(44:37 / All) DOGSANDHORSE.RU: GOOD DEFEND
(45:28 / All) DOGSANDHORSE.RU: good times
(45:30 / All) TIMG4STRok: let us ruhe
(45:31 / All) TentAndCampfire: the game is over, u find a 4 leaf clover. good luck for the rest of your day :)
(45:31 / All) DOGSANDHORSE.RU: with bad players
(45:34 / All) DOGSANDHORSE.RU: you stink & suck
(45:37 / All) DOGSANDHORSE.RU: http://highper.ch/
(45:44 / All) MYM]SkKevKorn4K: let us ruhe guys
(45:50 / All) DOGSANDHORSE.RU: call me 647-869-9830
(45:55 / All) DOGSANDHORSE.RU: if you can afford overseas hjahahahahahaha
(45:56 / All) Kevink-kev(in)k: ok
(46:02 / All) DOGSANDHORSE.RU: +1
(46:05 / All) MYM]SkKevKorn4K: lol
(46:47 / All) TentAndCampfire: quit the game- avoid the shame
(46:56 / All) MYM]SkKevKorn4K: lustig lustig tralalalallaaaaaaaa
(46:57 / All) TentAndCampfire: -michael phelps, 2009
(47:00 / All) Kevink-kev(in)k: yes you let us ruhe
(47:12 / All) TentAndCampfire: Let ME help you Ruhe me.
(47:18 / All) AlasPoorYorick: choom in your room, wash hair with vavoom
(47:23 / All) MYM]SkKevKorn4K: lol get a brain pls
(47:29 / All) DOGSANDHORSE.RU: give me a call pink
(47:31 / All) DOGSANDHORSE.RU: if you speak english
(47:35 / All) TentAndCampfire: i ruhed all over ur face.
(47:38 / All) DOGSANDHORSE.RU: i want to hear pathetic russian voice
(47:53 / All) MYM]SkKevKorn4K: lol
(48:00 / All) TentAndCampfire: hai nai braien caiw
(48:14 / All) MYM]SkKevKorn4K: LOL